Map: Neon Violet Square LE

Players

Zest - Winner!

  • Race: Protoss Protoss
  • League: Master
  • Spawn Location: 5:00

Scarlett

  • Race: Zerg Zerg
  • League: Diamond
  • Spawn Location: 11:00

Event: HomeStory Cup XVI

VOD

Have the link to the VOD?

Description

Time

  • Played on: Nov. 12, 2017, 11:02 a.m.
  • Length: 7:34

All games in this series

Show
View Real Time Build Order
Export as new Build Order

Zest Protoss - Winner!

Build Orders: 1 Gate Expand, Oracle Opening, Phoenix Opening, Zealot Archon, Archon Drop 

Get SALT Encoding   

  12  0:02  Probe (Chrono Boost)  
  14  0:14  Probe (Chrono Boost)  
  14  0:18  Pylon  
  14  0:26  Probe (Chrono Boost)  
  15  0:32  Probe (Chrono Boost)  
  15  0:41  Probe (Chrono Boost)  
  17  0:45  Gateway  
  17  0:51  Assimilator  
  17  0:53  Probe (Chrono Boost)  
  19  1:05  Probe (Chrono Boost)  
  19  1:17  Probe (Chrono Boost)  
  20  1:24  Nexus  
  20  1:35  Cybernetics Core  
  20  1:39  Probe (Chrono Boost)  
  21  1:43  Assimilator  
  21  1:51  Probe (Chrono Boost)  
  22  1:54  Pylon  
  22  2:02  Adept  
  22  2:03  Probe (Chrono Boost)  
  26  2:15  Probe (Chrono Boost)  
  26  2:16  Stargate  
  26  2:23  Stalker, Warp Gate  
  26  2:27  Probe (Chrono Boost)  
  27  2:32  Probe (Chrono Boost)  
  30  2:40  Probe (Chrono Boost)  
  30  2:41  Probe (Chrono Boost)  
  32  2:48  Pylon  
  33  2:51  Oracle  
  33  2:52  Probe (Chrono Boost)  
  33  2:53  Probe (Chrono Boost)  
  34  3:04  Probe (Chrono Boost)  
  38  3:08  Probe (Chrono Boost)  
  39  3:16  Probe (Chrono Boost)  
  41  3:20  Probe (Chrono Boost)  
  42  3:28  Probe (Chrono Boost)  
  42  3:30  Phoenix  
  42  3:33  Probe (Chrono Boost)  
  45  3:41  Probe (Chrono Boost), Robotics Facility  
  46  3:42  Assimilator  
  46  3:45  Probe (Chrono Boost)  
  46  3:46  Assimilator  
  47  3:53  Probe (Chrono Boost)  
  49  3:57  Probe (Chrono Boost)  
  49  4:02  Twilight Council  
  49  4:03  Forge  
  49  4:05  Probe (Chrono Boost)  
  49  4:09  Probe (Chrono Boost)  
  51  4:11  Gateway  
  51  4:12  Gateway  
  52  4:17  Probe (Chrono Boost)  
  52  4:19  Protoss Ground Weapons Level 1  
  52  4:21  Gateway, Probe (Chrono Boost)  
  53  4:29  Charge  
  54  4:32  Warp Prism  
  54  4:33  Pylon  
  53  4:42  Templar Archives  
  55  4:53  Probe (Chrono Boost)  
  55  4:54  Gateway  
  55  4:55  Gateway  
  55  5:00  Gateway  
  55  5:05  Gateway  
  58  5:24  Pylon  
  58  5:25  Pylon  
  57  5:30  Pylon  
  57  5:32  Warp Prism  
  57  5:33  Probe (Chrono Boost)  
  56  5:37  High Templar x3  
  64  5:42  Archon  
  64  5:43  High Templar  
  64  5:48  Archon  
  66  5:52  Nexus  
  66  5:55  Pylon  
  66  5:56  Pylon  
  66  6:17  High Templar x2, Zealot x2  
  66  6:18  Zealot x4  
  82  6:21  Pylon  
  82  6:23  Archon, Pylon  
  82  6:25  Observer  
  82  6:34  Pylon  
  82  6:35  Pylon  
  83  6:41  High Templar  
  83  6:42  High Templar, Zealot x3  
  83  6:46  Zealot, Archon  
  95  6:49  Zealot  
  97  6:54  Zealot  
  91  7:12  Zealot  
  91  7:13  Zealot x4  
  92  7:19  Zealot x3  
  98  7:24  Probe (Chrono Boost)  
Show
View Real Time Build Order
Export as new Build Order

Scarlett Zerg 

Build Orders: Hatch First 

Get SALT Encoding   

  12  0:01  Drone  
  13  0:12  Overlord  
  13  0:17  Drone  
  14  0:31  Drone x2  
  14  0:35  Drone  
  17  0:51  Hatchery  
  17  0:56  Drone  
  17  0:58  Drone  
  18  1:10  Extractor  
  17  1:14  Spawning Pool  
  17  1:16  Drone  
  17  1:20  Drone  
  18  1:28  Drone  
  19  1:38  Drone  
  20  1:49  Overlord  
  20  2:00  Drone  
  21  2:03  Queen x2  
  21  2:04  Drone  
  26  2:10  Metabolic Boost  
  26  2:11  Zergling x2  
  27  2:19  Drone  
  28  2:23  Drone  
  28  2:25  Drone  
  30  2:32  Drone  
  31  2:39  Zergling x2, Hatchery  
  31  2:45  Queen  
  31  2:50  Overlord  
  33  2:53  Drone  
  33  2:57  Drone  
  35  3:03  Zergling x2  
  36  3:09  Drone  
  36  3:10  Zergling x2  
  36  3:11  Drone x4  
  42  3:15  Overlord  
  42  3:17  Drone  
  42  3:18  Drone  
  44  3:32  Queen  
  44  3:33  Overlord  
  46  3:35  Evolution Chamber, Drone  
  46  3:37  Drone  
  46  3:38  Drone  
  48  3:44  Drone  
  49  3:48  Drone  
  49  3:49  Drone x2  
  49  3:50  Overlord  
  51  3:58  Drone x5  
  55  4:07  Zerg Melee Weapons Level 1  
  55  4:10  Drone x3  
  55  4:11  Spore Crawler  
  57  4:20  Spore Crawler  
  57  4:22  Overlord  
  57  4:23  Overlord  
  56  4:27  Baneling Nest  
  56  4:28  Overlord, Drone x2  
  57  4:34  Drone x2  
  57  4:35  Drone  
  60  4:41  Drone  
  60  4:44  Queen  
  63  4:54  Hatchery, Zergling x10  
  67  5:00  Drone x2  
  67  5:06  Lair, Drone  
  70  5:07  Drone x3  
  70  5:10  Drone x2  
  70  5:11  Queen  
  77  5:18  Drone  
  77  5:19  Drone x5  
  83  5:22  Extractor  
  82  5:29  Zergling x6  
  82  5:30  Zergling x4  
  82  5:32  Extractor  
  82  5:34  Extractor  
  85  5:36  Extractor, Zergling x2  
  85  5:37  Zergling x4  
  87  5:47  Extractor  
  87  5:48  Zergling x2  
  87  5:49  Overlord, Drone x3  
  90  6:08  Drone x8  
  97  6:14  Centrifical Hooks  
  97  6:15  Hydralisk Den, Overlord x2  
  96  6:27  Baneling x6  
  96  6:28  Baneling x3  
  96  6:32  Queen  
  96  6:37  Drone  
  96  6:38  Drone x2  
  100  6:43  Drone  
  100  6:44  Drone x11  
  100  6:45  Overlord  
  100  6:46  Extractor x2  
  110  6:49  Overlord  
  110  6:55  Lurker Den  
  110  6:57  Hydralisk  
  102  7:13  Zergling x28  
Tags
 
Add a new tag
Caveats
  • Supply blocks, unpowered buildings, or Contaminate may cause inaccurate times.
  • Supply counts are checked every 10 seconds.